[Event "FIDE World Cup O12-TB 2024"]
[Site "Batumi"]
[Date "2024.07.01"]
[Round "1.1"]
[White "Obidov, Biloliddin"]
[Black "Qu, Haoming"]
[Result "1-0"]
[ECO "B01"]
[WhiteElo "1998"]
[BlackElo "1877"]
[Annotator "TA"]
[PlyCount "99"]
[EventDate "2024.06.23"]
[EventType "swiss"]
[EventCountry "GEO"]
[SourceTitle "playchess.com"]
[Source "ChessBase"]
[SourceQuality "1"]
[TimeControl "5400+30"]

1. e4 d5 2. exd5 Qxd5 3. Nc3 Qa5 4. d4 Nf6 5. Bc4 c6 6. Nf3 Bf5 7. Bd2 Qc7 8. Ne5 e6 9. g4 Be4 10. Nxe4 Nxe4 11. Bf4 Bd6 {[%emt 0:01:12] [#]} (11... Nd7 $14) 12. Qe2 $1 $16 {[%emt 0:02:46] Active counter play!} Qa5+ 13. Kd1 Bxe5 14. Bxe5 Nf6 {[%emt 0:00:20] [#]} 15. Bxf6 $1 gxf6 {[%emt 0:00:11] [#]} 16. Bxe6 O-O {[%emt 0:01:48][%cal Of8e8,Bh8f8,Bf8d8,Bd8d4][%mdl 32] Hoping for ...Re8!} 17. Bc4 (17. Bf5 $142) 17... c5 $2 {[%emt 0:02:29] This costs Black the game.} (17... Nd7 $16 {was necessary.}) 18. Bd3 {[%emt 0:02:38] Threatens to win with Qe4.} c4 19. Bxc4 {[%emt 0:14:43] aiming for Qe4.} Nc6 20. c3 Rfd8 21. Qe4 {[%emt 0:10:58] Strongly threatening Bd3.} Qb6 $2 (21... Qe5 {is more resistant.} 22. Qxe5 fxe5) 22. Bd3 $18 Nxd4 23. Qxh7+ Kf8 24. Qh6+ Ke7 25. cxd4 Rxd4 26. Re1+ Kd7 27. Qe3 Qd6 {[%emt 0:04:30] Repels Qe7+} 28. Ke2 a6 {[%emt 0:00:17] Inhibits Bb5+.} 29. Bf5+ Kc7 30. Rac1+ Kb6 31. Red1 Rd8 32. Rxd4 Qxd4 33. Qxd4+ Rxd4 {[%emt 0:00:03] KRB-KR} 34. h4 Rd8 35. h5 (35. Rc8 $142 Rxc8 36. Bxc8 Kc7 37. h5 (37. Bf5 Kd6 38. h5 Ke7 39. b4 Ke8 40. h6 Kf8 41. h7 Kg7) 37... Kxc8 38. h6 Kd7 39. h7 b5 40. h8=Q (40. h8=R f5 $18)) 35... Rh8 36. Rc8 Rh6 37. f4 a5 38. Rf8 a4 39. Rxf7 {[%emt 0:00:07] Rh7 would kill now.} Kc5 40. Bg6 {[%emt 0:00:14] White mates.} b5 41. Rxf6 b4 42. Rf8 a3 43. bxa3 bxa3 44. g5 Rxg6 45. hxg6 {[%emt 0:00:05] KR-KP} Kd5 46. g7 Kd4 47. g8=Q Kc3 48. Rc8+ Kb2 49. Qb3+ Ka1 50. Rc1# {[%emt 0:00:06] Weighted Error Value: White=0.16 (very precise) /Black=0.64.  Loses game:     	---       	Black=1      Mistake:       	White=1     	Black=2      Inaccurate:     	White=2     	Black=1      OK:         	White=5     	Black=4      Best:        	White=1     	Black=1      Strong:       	White=2     	---        Brilliant:      	White=1     	---} 1-0

[Event "FIDE World Cup O12-TB 2024"]
[Site "Batumi"]
[Date "2024.07.01"]
[Round "1.2"]
[White "Gabadadze, Gabriel"]
[Black "Bulgak, Damir"]
[Result "1/2-1/2"]
[ECO "B52"]
[WhiteElo "1975"]
[BlackElo "1931"]
[Annotator "TA"]
[PlyCount "102"]
[EventDate "2024.06.23"]
[EventType "swiss"]
[EventCountry "GEO"]
[SourceTitle "playchess.com"]
[Source "ChessBase"]
[SourceQuality "1"]
[TimeControl "5400+30"]

1. e4 c5 2. Nf3 d6 3. Bb5+ Bd7 4. Bxd7+ Qxd7 5. O-O Nc6 6. Qe2 g6 7. c3 Bg7 {[%emt 0:00:00] Against d4} 8. Rd1 e5 9. Na3 Nge7 10. Nc2 O-O 11. d4 exd4 12. cxd4 Nxd4 13. Ncxd4 cxd4 14. Nxd4 d5 15. Bg5 Rfe8 16. Qb5 Rad8 17. exd5 Qxd5 18. Qxd5 Rxd5 19. Nf3 Bxb2 20. Rxd5 Nxd5 ({Much weaker is} 20... Bxa1 21. Rd7 Nc6 22. Rxb7 $14) 21. Rb1 Re2 22. Rd1 Nf6 (22... Nb6 $15) 23. Kf1 $1 $11 Re6 24. Rb1 $1 Rb6 25. Be3 {[%emt 0:00:00] [#]} Bd4 26. Rxb6 Bxb6 27. Bxb6 axb6 {[%emt 0:00:00][%mdl 4096] Endgame. KN-KN} 28. Nd4 (28. Ke2 $11) 28... Kf8 $17 29. f3 Ke7 30. a3 Nd5 31. g3 Nc3 32. Kf2 Kd6 33. Ke3 Nb1 34. Nb5+ Kc5 35. a4 Kb4 {[%emt 0:00:00][%cal Ob1a3] [#] Threatens to win with ...Na3!} 36. Nd6 f5 37. Nxb7 Kxa4 38. Kd3 Kb4 39. g4 fxg4 40. fxg4 Na3 (40... b5 $19 {Hoping for ...Nc3.} 41. Nd6 Na3) 41. Nd6 (41. h4 $15) 41... Kc5 $2 (41... b5 $19 {Strongly threatening ...Nc4.} 42. Kd4 Kb3) 42. Ne4+ $11 {[%emt 0:00:30] The position is equal.} Kd5 43. Nf6+ Ke5 44. Nxh7 Kf4 45. h3 Kg3 46. Nf8 g5 47. Ne6 Kxh3 48. Nxg5+ Kxg4 49. Ne4 Kf4 50. Nd6 b5 51. Nxb5 Nxb5 {[%emt 0:00:02] Black had all chances to win.   Weighted Error Value: White=0.14 (very precise) /Black=0.14 (very precise) .  Mistake:       	White=2     	Black=3      Inaccurate:     	White=4     	---        OK:         	White=18    	Black=21     Best:        	White=4     	Black=2      Strong:       	White=2     	---} 1/2-1/2

[Event "FIDE World Cup O12-TB 2024"]
[Site "Batumi"]
[Date "2024.07.01"]
[Round "1.3"]
[White "Guo, Ethan"]
[Black "Ibrahimli, Suat"]
[Result "1-0"]
[ECO "B81"]
[WhiteElo "2136"]
[BlackElo "1852"]
[Annotator "TA"]
[PlyCount "63"]
[EventDate "2024.06.23"]
[EventType "swiss"]
[EventCountry "GEO"]
[SourceTitle "playchess.com"]
[Source "ChessBase"]
[SourceQuality "1"]
[TimeControl "5400+30"]

1. e4 c5 2. Nf3 e6 3. d4 cxd4 4. Nxd4 Nf6 5. Nc3 d6 6. g4 h6 7. h4 Nc6 8. Nb3 d5 9. exd5 Nxd5 10. Nxd5 {[%emt 0:02:50] The position is equal.} exd5 11. Be3 Be7 12. Qe2 Be6 13. O-O-O Qd7 14. Rg1 O-O-O 15. f4 g6 (15... d4 $11 {keeps the balance.}) 16. h5 ({Better is} 16. Bh3 $16) 16... gxh5 $2 {[%emt 0:02:35][%mdl 8192] This costs Black the game.} (16... d4 $11 {and Black has nothing to worry.}) 17. f5 $18 ({Less strong is} 17. gxh5 Rhe8 $11) 17... hxg4 18. fxe6 fxe6 19. Rxg4 e5 20. Bh3 {[%emt 0:00:46] [#] Black must now prevent Rg3.} Kb8 21. Qg2 Qc7 22. Rxd5 {[%emt 0:03:20] White is clearly winning.} Rxd5 23. Qxd5 Nb4 24. Qe4 Nxa2+ 25. Kb1 Nb4 26. c3 Nc6 27. Rg7 Qd8 28. Bc5 {[%emt 0:00:00] [#] aiming for Bxe7.} Re8 29. Bg4 Bxc5 30. Nxc5 Re7 31. Rg6 Qe8 32. Be6 {[%emt 0:00:00] Weighted Error Value: White=0.13 (very precise) /Black=0.50.  Loses game:     	---       	Black=1      Mistake:       	White=1     	Black=1      Inaccurate:     	White=1     	Black=1      OK:         	White=8     	Black=5      Best:        	White=3     	Black=1} 1-0

[Event "FIDE World Cup O12-TB 2024"]
[Site "Batumi"]
[Date "2024.07.01"]
[Round "1.4"]
[White "Batbaatar, Baatar"]
[Black "Syed Abdul Khader"]
[Result "1-0"]
[ECO "C45"]
[WhiteElo "1724"]
[BlackElo "2050"]
[Annotator "RC"]
[PlyCount "133"]
[EventDate "2024.06.23"]
[EventType "swiss"]
[EventCountry "GEO"]
[SourceTitle "playchess.com"]
[Source "ChessBase"]
[SourceQuality "1"]
[TimeControl "5400+30"]

1. e4 e5 2. Nf3 Nc6 3. d4 exd4 4. Nxd4 Bc5 5. Nb3 Bb6 6. Nc3 Nf6 7. Qe2 a5 8. a4 O-O 9. Bg5 h6 10. Bh4 Re8 11. O-O-O Nb4 12. f3 d5 13. Kb1 d4 14. Nb5 c5 15. c3 Be6 16. Nc1 Nc6 17. c4 Ne5 18. Qc2 Ng6 19. Bf2 Rf8 20. g4 Nd7 21. Bg3 Qf6 22. Be2 Nde5 23. Rdf1 Nf4 24. Nd3 Nexd3 25. Bxd3 Bd7 26. Qd2 g5 27. h4 Bxb5 28. hxg5 hxg5 29. e5 Qxe5 30. Qh2 Rfd8 31. Bxf4 gxf4 32. Qh7+ Kf8 33. Qh6+ Qg7 34. Qxb6 Bc6 35. Qxc5+ Ke8 36. Re1+ Kd7 37. Qe7+ Kc8 38. Bf5+ Bd7 39. Qc5+ Kb8 40. Bxd7 d3 41. Qd6+ Ka7 42. Qxd3 f5 43. Rd1 fxg4 44. fxg4 Rac8 45. Qf5 Rc7 46. Qxa5+ Kb8 47. Bf5 Re8 48. Rhe1 Rf8 49. Qe5 Qxe5 50. Rxe5 Rxc4 51. Re4 Rxe4 52. Bxe4 Re8 53. Bf5 f3 54. Rf1 Re3 55. g5 b5 56. axb5 Kb7 57. g6 f2 58. Rxf2 Rg3 59. Kc2 Kb6 60. Bd3 Kc5 61. Kc3 Kd5 62. b6 Kc6 63. Rf6+ Kb7 64. Kd4 Kb8 65. Be4 Kc8 66. b7+ Kd7 67. b8=Q 1-0

[Event "FIDE World Cup O12-TB 2024"]
[Site "Batumi"]
[Date "2024.07.01"]
[Round "1.5"]
[White "Wang, Ted"]
[Black "Aadik Theophane Lenin"]
[Result "1-0"]
[ECO "A04"]
[WhiteElo "2034"]
[BlackElo "1852"]
[Annotator "TA"]
[PlyCount "87"]
[EventDate "2024.06.23"]
[EventType "swiss"]
[EventCountry "GEO"]
[SourceTitle "playchess.com"]
[Source "ChessBase"]
[SourceQuality "1"]
[TimeControl "5400+30"]

1. e4 c5 2. Nf3 e6 3. d3 Nc6 4. g3 g6 5. Bg2 Bg7 6. O-O Nge7 7. c3 e5 8. Nbd2 d6 9. a4 O-O {[%emt 0:02:34] The position is equal.} 10. Nc4 h6 11. Bd2 f5 12. b4 f4 13. b5 Nb8 (13... Na5 $11 {remains equal.}) 14. d4 {[%emt 0:02:32] White is more active.} fxg3 (14... g5 $142) 15. fxg3 $16 exd4 16. cxd4 Bg4 17. dxc5 dxc5 18. Rc1 Nd7 19. Qb3 ({Better is} 19. Qc2) 19... Be6 20. Bc3 Qc7 21. Bxg7 Kxg7 22. Qc3+ Kh7 23. Ne3 a6 24. Rfd1 axb5 (24... Rad8 $142) 25. axb5 Ra4 26. Qd3 {[%emt 0:04:48] Black must now prevent Qd6.} Qb6 27. Qd6 Nc8 (27... Qxd6 $2 28. Rxd6 Rxe4 29. Ng5+ hxg5 30. Bxe4 $18) 28. Qxb6 Ncxb6 {[%emt 0:00:33] [#]} 29. Rd6 $1 Re8 {[%emt 0:01:09][%cal Ob6c8] [#]} (29... Rxe4 $2 30. Ng5+ hxg5 31. Bxe4 $18) 30. Ne5 Rd4 $2 {[%emt 0:05:41][%mdl 8192] Loses the game.} (30... Nxe5 $11 {and Black stays safe.} 31. Rxb6 Bc8) 31. Nd5 $1 $18 Nxe5 (31... Kg8 $142 32. Nxg6 (32. Rxb6 Nxb6 33. Nxb6 Kg7 $18) 32... Nxd5 (32... Nc8 $2 33. Nge7+ Rxe7 34. Nxe7+ Nxe7 35. Rxe6 $18)) 32. Nf6+ (32. Rxb6 Bxd5 33. exd5 Rb8 34. Rxc5 Rd1+ 35. Kf2 Rd2+ 36. Ke3 (36. Kg1 h5 $16) 36... Rxg2 $18) 32... Kh8 33. Nxe8 Rxd6 34. Nxd6 Nd3 35. Rc3 c4 36. Bf1 Na4 37. Ra3 Nac5 38. Bxd3 (38. Ra7 c3 39. Bxd3 (39. Nxb7 c2 $14) 39... Nxd3 40. Rxb7 c2 $11) 38... cxd3 {[%emt 0:00:21][%mdl 4096] Endgame. KRN-KBN} 39. Kf2 Nb3 {[%emt 0:00:11] [#]} 40. Rxb3 $1 Bxb3 41. Ke3 (41. Nxb7 $2 d2 42. Nc5 d1=Q $19 (42... d1=B $2 43. b6 $18)) 41... Kg7 42. Nxb7 Kf6 43. Nc5 d2 44. Kxd2 {[%emt 0:00:04] Weighted Error Value: White=0.13 (very precise) /Black=0.53.  Loses game:     	---       	Black=1      Mistake:       	White=2     	Black=4      Inaccurate:     	---       	Black=1      OK:         	White=13    	Black=14     Best:        	White=1     	Black=3      Strong:       	White=2     	---} (44. Nxb3 $2 {too greedy.} d1=Q (44... d1=B $2 {loses.} 45. b6 $18) 45. Nd4 Qg1+ 46. Kd3 Qxh2 47. e5+ Ke7 $19 (47... Kxe5 48. Nf3+ Kd5 49. Nxh2 $18)) 1-0

[Event "FIDE World Cup O12-TB 2024"]
[Site "Batumi"]
[Date "2024.07.01"]
[Round "1.6"]
[White "Garakhanov, Shamsi"]
[Black "Yang, ZiLong"]
[Result "0-1"]
[ECO "A68"]
[WhiteElo "1884"]
[BlackElo "1874"]
[Annotator "NA RC"]
[PlyCount "66"]
[EventDate "2024.06.23"]
[EventType "swiss"]
[EventCountry "GEO"]
[SourceTitle "playchess.com"]
[Source "ChessBase"]
[SourceQuality "1"]
[TimeControl "5400+30"]

1. d4 Nf6 2. c4 c5 3. d5 e6 4. Nc3 exd5 5. cxd5 d6 6. e4 g6 7. f4 Bg7 8. Nf3 O-O 9. Bd3 b5 10. O-O c4 11. Bb1 b4 12. Ne2 Re8 13. Be3 Nxe4 14. Bd4 Bxd4+ 15. Nexd4 Bb7 16. Bxe4 Rxe4 17. f5 Nd7 18. fxg6 hxg6 19. Qd2 Bxd5 20. Nf5 Qb6+ 21. Kh1 Qc5 22. Nh6+ Kg7 23. Ng5 Re7 24. Nhxf7 Rxf7 25. Nxf7 Bxf7 26. Qf4 Rf8 27. Rae1 Be6 28. Qh4 Rxf1+ 29. Rxf1 d5 30. Re1 Bf7 31. h3 c3 32. bxc3 bxc3 33. Qf4 d4 0-1

[Event "FIDE World Cup O12-TB 2024"]
[Site "Batumi"]
[Date "2024.07.01"]
[Round "1.7"]
[White "Siddhanth Poonja"]
[Black "Zhang, Haoxuan(Zj)"]
[Result "1/2-1/2"]
[ECO "A37"]
[WhiteElo "1958"]
[BlackElo "1907"]
[Annotator "TA"]
[PlyCount "162"]
[EventDate "2024.06.23"]
[EventType "swiss"]
[EventCountry "GEO"]
[SourceTitle "playchess.com"]
[Source "ChessBase"]
[SourceQuality "1"]
[TimeControl "5400+30"]

1. c4 c5 2. g3 Nc6 3. Bg2 g6 4. Nc3 Bg7 5. Nf3 e6 6. d3 Nge7 7. Bg5 {[%emt 0:00:07] A37: Symmetrical English vs ...g6: 4 Bg2 Bg7 5 Nf3.} O-O 8. Qd2 d5 9. cxd5 exd5 10. Bh6 Be6 11. Bxg7 $146 ({Predecessor:} 11. h4 Bxh6 12. Qxh6 Nf5 13. Qd2 h5 14. Ng5 Qd7 15. O-O-O Rad8 16. g4 Ng7 17. gxh5 gxh5 {1-0 Beck,G (1948)-Noehbauer,A (1946) Mittelfranken Landesliga Sued 2122 2021 (4.7)}) 11... Kxg7 12. d4 b6 13. O-O Rc8 14. Rfd1 c4 15. h4 h6 16. Ne5 f5 17. Nxc4 dxc4 18. d5 Bf7 (18... Bxd5 $14 {is superior.} 19. Nxd5 Nxd5 20. Bxd5 Qf6) 19. dxc6 $16 Nxc6 20. Qd7 Qf6 21. Rd6 ({White should play} 21. Qb7 $16) 21... Ne5 $14 22. Rxf6 (22. Qxa7 $2 {loses.} Qxd6 23. Qa4 Rcd8 $19) 22... Nxd7 23. Rd6 Nc5 24. Rad1 Rc7 (24... Be8 $11) 25. Bf1 Rb8 26. Nb5 ({White should try} 26. h5 $1 $16) 26... Re7 $14 27. Nd4 Rc8 28. Bg2 Na4 29. Rd2 c3 (29... h5 $1 $14) 30. bxc3 $16 Nxc3 31. h5 $1 Rce8 (31... Rc5 $142) 32. hxg6 Bxg6 33. Bc6 Ne4 34. Bxe4 (34. Bxe8 $142 Nxd6 35. Bxg6 Kxg6 36. Nc6) 34... fxe4 $16 35. e3 Rf7 (35... Rc8 $16 36. g4 Kh7) 36. Rc2 $1 $18 Bf5 37. Rcc6 (37. Nxf5+ $18 Rxf5 38. Rc7+ Rf7 39. Rxf7+ Kxf7 40. Rxh6) 37... h5 $16 38. Rh6 Rh8 39. Rxh8 Kxh8 40. Rh6+ Kg7 41. Rxh5 Bg6 (41... Kg6 $16 42. Rh4 Rc7) 42. Rd5 $18 Re7 43. Rd6 Rb7 44. Ne6+ Kg8 45. Nd8 Rg7 46. Nc6 Bf5 47. Rd8+ Kh7 48. Ra8 Rc7 49. Nd4 ({Don't play} 49. Nxa7 $6 Bg4 $14) (49. Rxa7 $18 Rxa7 50. Nxa7) 49... Bg4 {[%emt 0:00:11] [#]} (49... Kg6 $16 {was necessary.} 50. Nxf5 Kxf5) 50. Re8 $1 $18 Bf3 51. Nxf3 (51. Kh2 $18) 51... exf3 $16 {[#]} 52. g4 (52. Rf8 $1 $16 Rc1+ 53. Kh2) 52... Rc4 53. Re7+ Kg6 54. Rxa7 Rxg4+ 55. Kf1 Rb4 56. Ke1 Rb2 57. e4 Re2+ 58. Kf1 Rxe4 59. Ra3 Rf4 60. Rb3 Rf6 61. Kg1 Kg5 62. Kh2 Kf4 63. Rb4+ Ke5 64. Kg3 Kd5 65. Rf4 Rh6 66. a4 Ke5 67. Rxf3 Rg6+ 68. Kh4 Ke4 69. Rg3 Rf6 70. Re3+ Kf4 71. Kh5 Rf5+ 72. Kg6 Ra5 73. Rh3 Kg4 74. Rg3+ Kf4 75. Rb3 Rxa4 76. Rxb6 Kf3 77. Rb2 Rg4+ 78. Kf5 Rg2 79. Rb3+ Kxf2 80. Kf4 Rg8 81. Rb2+ Ke1 1/2-1/2

[Event "FIDE World Cup O12-TB 2024"]
[Site "Batumi"]
[Date "2024.07.01"]
[Round "1.8"]
[White "Minkhajdarov, Ruslan"]
[Black "Yerzhanuly Yernur"]
[Result "1-0"]
[ECO "C18"]
[WhiteElo "1921"]
[BlackElo "1810"]
[Annotator "RC"]
[PlyCount "55"]
[EventDate "2024.06.23"]
[EventType "swiss"]
[EventCountry "GEO"]
[SourceTitle "playchess.com"]
[Source "ChessBase"]
[SourceQuality "1"]
[TimeControl "5400+30"]

1. e4 e6 2. d4 d5 3. Nc3 Bb4 4. e5 c5 5. a3 Bxc3+ 6. bxc3 Ne7 7. Qg4 O-O 8. Bd3 Nbc6 9. Bg5 Qa5 10. Ne2 c4 11. Bxh7+ Kxh7 12. Bxe7 Nxe7 13. Qh4+ Kg8 14. Qxe7 f6 15. exf6 Rxf6 16. Kd2 Rf7 17. Qd6 Bd7 18. f4 Bc6 19. Qe5 Rf5 20. Qe3 Raf8 21. g4 R5f7 22. Qe5 Qd8 23. h4 Qf6 24. Qxf6 gxf6 25. Rae1 e5 26. f5 Re7 27. Nf4 Rfe8 28. Ng6 1-0

[Event "FIDE World Cup O12-TB 2024"]
[Site "Batumi"]
[Date "2024.07.01"]
[Round "1.9"]
[White "Haresh, Venkata Narayanaswam"]
[Black "Tatvidze, Davit"]
[Result "0-1"]
[ECO "B39"]
[WhiteElo "1728"]
[BlackElo "2000"]
[Annotator "TA"]
[PlyCount "82"]
[EventDate "2024.06.23"]
[EventType "swiss"]
[EventCountry "GEO"]
[SourceTitle "playchess.com"]
[Source "ChessBase"]
[SourceQuality "1"]
[TimeControl "5400+30"]

1. e4 c5 2. Nf3 Nc6 3. d4 cxd4 4. Nxd4 g6 5. c4 Bg7 6. Be3 Nf6 7. Nc3 Ng4 8. Qxg4 Nxd4 9. Qd1 Ne6 10. Rc1 b6 11. Bd3 Bb7 12. O-O O-O 13. Bb1 Rc8 14. b3 d6 15. Nd5 Qd7 {[%emt 0:03:11] White has an edge.} 16. f4 f5 17. exf5 gxf5 18. Qh5 Bxd5 (18... Nd4 $1 $14) 19. cxd5 $16 Nc5 20. Rf3 (20. Qh3 $16) 20... Ne4 $14 {[%emt 0:09:01] [#] aiming for ...Rxc1+.} 21. Bxe4 ({White should try} 21. Re1 $14 Qe8 22. Qxe8 Rfxe8 23. Rff1) 21... fxe4 $11 22. Rg3 {[%emt 0:09:08] Qh6 would now be deadly.} Rf7 (22... Rxc1+ $11 23. Bxc1 Kh8) 23. Bd2 (23. Rxc8+ $16 Qxc8 24. h3) 23... Kf8 24. Bc3 {[%emt 0:05:14] Threatens to win with Bxg7+.} (24. Qxh7 Bd4+ 25. Kh1 Rxc1+ (25... Rxh7 $2 26. Rg1 $19) 26. Bxc1 Rxh7 27. Be3 Bxe3 28. Rxe3 Qg4 29. h3 Qd1+ (29... Qxf4 30. Rc3 Rh5 31. Rc8+ Kf7 32. Rc1 Qxc1+ 33. Kh2 Rxd5 34. Kg3 Qg5+ 35. Kf2 Qf4+ 36. Ke1 Qe3+ 37. Kf1 Rf5#) 30. Kh2 Qd2 (30... Qxd5 $2 31. Rc3 $19) 31. f5 Qxe3 32. f6 exf6 (32... Qf4+ 33. Kg1 exf6 34. b4 Rc7 35. g4 Rc2 36. h4 Qc1#) 33. b4 Qf4+ 34. Kh1 Rc7 (34... e3 35. b5 e2 36. g4 e1=Q+ 37. Kg2 Qfg3#) 35. g4 Qg3 36. b5 Rc1#) 24... Bd4+ 25. Bxd4 $4 {[%emt 0:00:35][%mdl 8192] Loses the game.} (25. Kh1 $11 {and White has nothing to worry.} Qf5 26. Qh6+ Ke8 27. Rg8+ Rf8 28. Rxf8+ (28. g4 Rxc3 29. Rd1 Qf7 $15) 28... Qxf8 29. Qe6 Rxc3 30. Rxc3 Bxc3 31. Qc8+ Kf7 32. Qxc3) 25... Rxc1+ $19 26. Kf2 {[%emt 0:00:07] [#] Qh6+ would kill now.} Qf5 $1 (26... Rxf4+ $2 {too greedy.} 27. Ke3 e5 (27... Qf5 28. Bg7+ Kg8 29. Qe8+) 28. dxe6 Qxe6 29. Kxf4 $18) 27. Qh6+ Ke8 28. Rg8+ Kd7 29. Ke2 (29. Qg5 $142) 29... Qxd5 30. Qh3+ Qf5 31. Qe3 Qb5+ 32. Kf2 Rf1+ 33. Kg3 R1xf4 {[%emt 0:00:32] And now ...Qh5 would win.} 34. Qc1 Rf8 35. Rg7 Qh5 36. Qxf4 Rxf4 37. Kxf4 {[%emt 0:00:08] KQ-KRB} Kc6 {[%emt 0:00:43] White must now prevent ...e5+.} 38. Kxe4 Qe2+ 39. Kf5 Qd3+ 40. Ke6 Qxd4 41. Rg5 Qf6# {[%emt 0:00:04] Weighted Error Value: White=1.30/Black=0.91.  Loses game:     	White=1     	---        Mistake:       	White=4     	Black=2      Inaccurate:     	White=2     	---        OK:         	White=5     	Black=5      Best:        	White=2     	Black=3      Strong:       	---       	Black=1} 0-1

[Event "FIDE World Cup O12-TB 2024"]
[Site "Batumi"]
[Date "2024.07.01"]
[Round "1.10"]
[White "Golikov, Ivan"]
[Black "Kleschevnikov, Arseny"]
[Result "0-1"]
[ECO "A17"]
[WhiteElo "1723"]
[BlackElo "1895"]
[Annotator "NA RC"]
[PlyCount "68"]
[EventDate "2024.06.23"]
[EventType "swiss"]
[EventCountry "GEO"]
[SourceTitle "playchess.com"]
[Source "ChessBase"]
[SourceQuality "1"]
[TimeControl "5400+30"]

1. c4 e6 2. Nf3 d5 3. e3 Nf6 4. Nc3 b6 5. b3 Bb7 6. Bb2 Nbd7 7. cxd5 exd5 8. d4 Bd6 9. Bd3 a6 10. Qc2 O-O 11. g4 Re8 12. O-O-O Rc8 13. h4 c5 14. h5 c4 15. Bf5 cxb3 16. Qxb3 Ne4 17. Bxe4 dxe4 18. Nh4 b5 19. Nf5 Nb6 20. Kb1 b4 21. Na4 Bd5 22. Nxb6 Bxb3 23. Nxc8 Bxd1 24. Ncxd6 Bxg4 25. Rg1 Bxf5 26. Nxf5 Qf6 27. d5 Qxf5 28. Bxg7 Qxf2 29. Rg5 Qxe3 30. Rg2 Qf3 31. Rg1 Qf2 32. Rg5 h6 33. Rg4 Qe1+ 34. Kc2 Qe2+ 0-1

[Event "FIDE World Cup O12-TB 2024"]
[Site "Batumi"]
[Date "2024.07.01"]
[Round "1.11"]
[White "Sobirov, Afruzbek"]
[Black "Ambartsumyan, Yuri"]
[Result "0-1"]
[ECO "D00"]
[WhiteElo "1789"]
[BlackElo "1750"]
[Annotator "NA RC"]
[PlyCount "122"]
[EventDate "2024.06.23"]
[EventType "swiss"]
[EventCountry "GEO"]
[SourceTitle "playchess.com"]
[Source "ChessBase"]
[SourceQuality "1"]
[TimeControl "5400+30"]

1. d4 d5 2. Nc3 Nf6 3. Bf4 e6 4. Nb5 Bb4+ 5. c3 Ba5 6. a4 a6 7. b4 axb5 8. axb5 Bd7 9. e3 Ne4 10. bxa5 Nxc3 11. Qb3 Ne4 12. Nf3 O-O 13. Bd3 c5 14. Bxb8 c4 15. Qb4 cxd3 16. Bf4 Qe8 17. Rb1 Rc8 18. b6 Rc4 19. Qa3 Bb5 20. Ra1 Qc6 21. O-O f6 22. h4 Rc8 23. Bc7 Rc3 24. Qb4 Ba6 25. h5 Kf7 26. Rfd1 Rc2 27. Nd2 Nc3 28. Nb3 Nxd1 29. Rxd1 Rc4 30. Qa3 Rc3 31. Qb4 Rxb3 32. Qxb3 Ra8 33. Qb4 Qc2 34. Rd2 Qc6 35. Rb2 h6 36. Qc5 Qa4 37. Kh2 Qd1 38. Qb4 Qxh5+ 39. Kg1 Qd1+ 40. Kh2 Qc1 41. Kg3 h5 42. Kh2 Bc4 43. Rd2 Ba6 44. Rb2 h4 45. Rd2 Rh8 46. f3 Qe1 47. e4 dxe4 48. d5 exf3 49. gxf3 exd5 50. Bf4 Re8 51. Qd6 Re2+ 52. Rxe2 Qxe2+ 53. Kg1 Qxf3 54. Qd7+ Kg6 55. Qe8+ Kh7 56. Qe3 Qxe3+ 57. Bxe3 Kg6 58. Kg2 Kf5 59. Kf3 d4 60. Bd2 h3 61. Bf4 h2 0-1

[Event "FIDE World Cup O12-TB 2024"]
[Site "Batumi"]
[Date "2024.07.01"]
[Round "1.12"]
[White "Diaz Guerrero, Jesus Daniel"]
[Black "Yin, Zeming"]
[Result "1-0"]
[ECO "B45"]
[WhiteElo "2032"]
[BlackElo "1832"]
[Annotator "TA"]
[PlyCount "41"]
[EventDate "2024.06.23"]
[EventType "swiss"]
[EventCountry "GEO"]
[SourceTitle "playchess.com"]
[Source "ChessBase"]
[SourceQuality "1"]
[TimeControl "5400+30"]

1. e4 c5 2. Nf3 Nc6 3. d4 cxd4 4. Nxd4 Nf6 5. Nc3 e6 6. a3 d5 7. exd5 Nxd5 8. Nxd5 Qxd5 9. Be3 {[%emt 0:00:06] The position is equal.} Be7 10. Qd2 Nxd4 11. Qxd4 Qxd4 12. Bxd4 Bf6 13. O-O-O {[%emt 0:00:59] [#] Black must now prevent Bb5+.} Bxd4 14. Rxd4 Bd7 15. b4 a6 16. Be2 Rc8 17. Bf3 Bc6 {[%emt 0:03:02] [#]} (17... Rc7 $11) 18. Bxc6+ $1 $16 {[%emt 0:00:25] White is better.} Rxc6 19. Rhd1 {[%emt 0:00:05] aiming for Rd8+.} O-O 20. Rd7 b5 21. R1d6 {Weighted Error Value: White=0.06 (flawless) /Black=0.20 (precise) .  Mistake:       	---       	Black=1      OK:         	White=3     	Black=3      Best:        	White=1     	Black=1      Strong:       	White=1     	---} 1-0